Map: Dusk Towers

Players

Mindele

  • Race: Terran Terran
  • League: Bronze

Bertikus - Winner!

  • Race: Protoss Protoss
  • League: Bronze

VOD

Have the link to the VOD?

Description

Time

  • Played on: May 14, 2016, 9:39 p.m.
  • Length: 10:32
Show
View Real Time Build Order
Export as new Build Order

Mindele Terran 

Build Orders:  

Get SALT Encoding   

  12  0:02  SCV  
  13  0:14  SCV  
  14  0:18  Supply Depot  
  14  0:26  SCV  
  15  0:40  SCV  
  16  0:43  Barracks  
  16  0:52  SCV  
  16  0:56  Barracks  
  17  1:04  SCV  
  17  1:08  Refinery  
  18  1:16  SCV  
  19  1:30  Orbital Command  
  19  1:35  Marine  
  19  1:36  Supply Depot  
  20  1:49  Barracks  
  20  1:50  Marine  
  21  1:55  Marine  
  21  1:57  SCV  
  23  2:09  SCV  
  23  2:10  Supply Depot  
  23  2:13  Marine  
  25  2:16  Marine  
  25  2:21  SCV  
  27  2:33  SCV  
  27  2:34  Supply Depot  
  28  2:42  Reaper  
  28  2:43  Barracks  
  28  2:44  Reaper  
  30  2:48  Reaper  
  31  2:51  SCV  
  31  2:57  Supply Depot  
  32  3:03  SCV  
  33  3:08  Barracks  
  33  3:15  SCV  
  33  3:19  Marine x2  
  36  3:26  Supply Depot  
  36  3:27  SCV  
  37  3:37  Marine  
  37  3:38  Marine x2  
  37  3:39  SCV  
  37  3:40  Marine  
  42  3:49  Supply Depot  
  42  3:52  Factory  
  42  3:54  Refinery  
  42  3:56  SCV  
  42  3:57  Marine  
  42  3:58  Marine  
  45  4:08  SCV  
  45  4:35  Marine x4  
  48  4:39  Marine  
  48  4:40  Factory Tech Lab  
  49  4:53  Marine x4, SCV  
  49  4:55  Supply Depot  
  54  5:04  Marine  
  54  5:05  SCV  
  56  5:12  Marine  
  56  5:13  Marine x2  
  59  5:17  Supply Depot, SCV  
  59  5:20  Marine  
  61  5:30  Starport  
  61  5:34  Marine x2  
  61  5:35  Marine x2  
  64  5:36  Starport  
  64  5:40  Supply Depot  
  65  5:43  Marine  
  66  5:52  Marine x3  
  66  5:53  Marine  
  70  5:57  Siege Tank  
  73  6:06  Marine  
  66  6:25  Marine x3  
  59  6:26  Marine  
  59  6:27  Marine  
  60  6:34  Liberator  
  60  6:35  Liberator  
  57  6:45  Marine x3  
  57  6:46  Marine  
  57  6:47  Marine  
  66  6:58  SCV  
  67  7:03  Marine x3  
  67  7:04  Marine  
  67  7:05  Marine  
  72  7:10  SCV  
  73  7:16  Supply Depot  
  73  7:22  SCV  
  74  7:55  Marine  
  74  7:56  Marine x4  
  44  8:26  Marine x5  
  49  8:36  SCV  
  50  8:42  Starport Tech Lab x2  
  50  8:44  Marine x2  
  50  8:46  Marine x2  
  50  8:48  SCV  
  55  8:54  Marine  
  58  9:05  Banshee x2  
  62  9:16  Marine x3  
  65  9:17  Marine  
  65  9:18  Marine  
  67  9:25  SCV  
  68  9:38  Marine x4, SCV  
  73  9:47  Marine  
  74  9:58  Marine x3  
Show
View Real Time Build Order
Export as new Build Order

Bertikus Protoss - Winner!

Build Orders:  

Get SALT Encoding   

  12  0:01  Probe (Chrono Boost)  
  13  0:12  Probe (Chrono Boost)  
  14  0:18  Pylon  
  14  0:22  Probe (Chrono Boost)  
  15  0:37  Assimilator  
  15  0:40  Gateway  
  16  0:43  Probe (Chrono Boost)  
  16  0:51  Pylon  
  16  0:54  Probe (Chrono Boost)  
  17  1:05  Probe (Chrono Boost)  
  17  1:06  Assimilator  
  18  1:15  Probe (Chrono Boost)  
  19  1:26  Probe (Chrono Boost)  
  19  1:29  Zealot (Chrono Boost)  
  22  1:37  Probe  
  23  1:49  Probe  
  24  1:54  Nexus  
  24  2:03  Probe  
  24  2:05  Zealot (Chrono Boost)  
  27  2:16  Cybernetics Core  
  27  2:20  Probe  
  28  2:33  Probe  
  28  2:36  Zealot (Chrono Boost)  
  31  2:41  Gateway  
  31  2:50  Pylon  
  31  2:55  Pylon  
  31  3:02  Warp Gate (Chrono Boost)  
  31  3:05  Probe  
  31  3:06  Probe  
  33  3:16  Probe  
  33  3:18  Probe  
  35  3:23  Pylon  
  35  3:26  Probe  
  35  3:30  Stalker (Chrono Boost)  
  35  3:33  Pylon  
  38  3:36  Stalker (Chrono Boost)  
  40  3:51  Probe, Forge  
  40  3:52  Probe  
  42  4:01  Probe, Gateway  
  42  4:04  Probe  
  48  4:10  Stalker (Chrono Boost)  
  48  4:13  Stalker (Chrono Boost)  
  46  4:43  Stalker (Chrono Boost)  
  50  4:47  Stalker (Chrono Boost)  
  50  4:59  Probe  
  50  5:01  Probe  
  52  5:08  Assimilator  
  52  5:10  Probe  
  52  5:12  Assimilator  
  52  5:13  Probe  
  54  5:20  Photon Cannon  
  54  5:23  Photon Cannon  
  54  5:31  Photon Cannon  
  54  5:32  Stalker  
  54  5:33  Stalker x2  
  60  5:41  Robotics Facility  
  60  5:44  Stargate  
  60  6:02  Nexus  
  54  6:20  Stalker  
  54  6:21  Stalker x2  
  37  6:42  Stalker  
  39  6:50  Void Ray (Chrono Boost)  
  39  6:51  Immortal  
  47  7:04  Stalker x3  
  53  7:20  Probe  
  54  7:35  Gateway  
  54  7:37  Gateway  
  54  7:42  Zealot x2  
  54  7:43  Zealot  
  48  8:31  Stalker  
  48  8:32  Stalker x2  
  54  8:44  Pylon  
  54  8:45  Pylon  
  54  8:47  Pylon  
  54  8:49  Pylon  
  54  8:50  Pylon  
  54  8:51  Immortal  
  54  8:52  Stalker x2, Pylon  
  54  8:54  Void Ray (Chrono Boost)  
  66  9:13  Photon Cannon  
  66  9:15  Photon Cannon  
  66  9:18  Photon Cannon  
  66  9:19  Photon Cannon  
  66  9:21  Photon Cannon  
  66  9:23  Photon Cannon x2  
  66  9:29  Photon Cannon  
  66  9:33  Stalker  
  66  9:34  Nexus  
  68  9:57  Probe x2  
  70  10:07  Pylon  
  70  10:10  Pylon  
  74  10:14  Pylon  
Tags
 
Add a new tag
Caveats
  • Supply blocks, unpowered buildings, or Contaminate may cause inaccurate times.
  • Supply counts are checked every 10 seconds.